 Dungeon Crawl Stone Soup version 0.27-a0-1189-gb8eb6cee8e (webtiles) character file.

Game seed: 14076733814367462790

48 freelancePsychic the Skirmisher (level 3, -1/37 HPs)
             Began as an Ogre Warper on May 22, 2021.
             Slain by a scorpion (8 damage)
             ... on level 3 of the Dungeon.
             The game lasted 00:02:26 (1938 turns).

freelancePsychic the Skirmisher (Ogre Warper)       Turns: 1938, Time: 00:02:27

Health: -1/37      AC:  3    Str: 15    XL:     3   Next: 72%
Magic:  6/6        EV:  9    Int: 15    God:
Gold:   32         SH:  0    Dex:  8    Spells: 6/6 levels left

rFire    . . .     SeeInvis .   a - +0 mace
rCold    . . .     Faith    .   (no shield)
rNeg     . . .     Spirit   .   g - +0 robe
rPois    .         Reflect  .   (helmet restricted)
rElec    .         Harm     .   (no cloak)
rCorr    .         Rampage  .   (gloves unavailable)
Will     .....                  (boots unavailable)
Stlth    +.........             (no amulet)
HPRegen  0.12/turn              (no ring)
MPRegen  0.10/turn              (no ring)

@: lethally poisoned (-1 -> -6)
A: large, unfitting armour, tough skin 1
a: no special abilities


You were on level 3 of the Dungeon.
You visited 1 branch of the dungeon, and saw 3 of its levels.

You collected 32 gold pieces.

Inventory:

Hand Weapons
 a - a +0 mace (weapon)
 b - a +0 hunting sling
Missiles
 e - a boomerang of dispersal (quivered)
 k - 13 poisoned darts
Armour
 g - a +0 robe (worn)
Wands
 c - a wand of acid (9)
Scrolls
 d - a scroll of blinking
 j - a scroll of noise
Potions
 f - a potion of might
 h - a potion of haste {unknown}


   Skills:
 + Level 3.5 Fighting
 * Level 2.8 Maces & Flails
 - Level 1.0 Throwing
 - Level 2.1 Dodging
 - Level 2.4 Spellcasting
 + Level 3.1 Translocations


You had 6 spell levels left.
You didn't know any spells.
Your spell library contained the following spells:

 Spells                   Type           Power      Damage    Failure   Level
 Blink                    Tloc           N/A        N/A       9%          2
 Gell's Gravitas          Tloc           5%         N/A       19%         3
 Lesser Beckoning         Tloc           5%         N/A       19%         3
 Teleport Other           Tloc           11%        N/A       19%         3
 Manifold Assault         Tloc           11%        N/A       86%         5


Dungeon Overview and Level Annotations

Branches:
Dungeon (3/15)

Altars:

Annotations:
D:2 Jessica, Sigmund


Innate Abilities, Weirdness & Mutations

You are too large for most types of armour.
You have tough skin. (AC +1)


Message History

Throw: 5 boomerangs (disperse)
Press: ? - help, Q - select action, (/) - cycle Shift-Dir - straight line, f - scorpion
Aim: a scorpion (moderately wounded, 54% to hit)
You throw a boomerang of dispersal.
The boomerang of dispersal hits the scorpion but does no damage.
The scorpion is moderately wounded.
You hear the slow rusting of a distant drain.
You feel very sick. The scorpion closely misses you. The hobgoblin hits you.
Throw: 4 boomerangs (disperse)
Press: ? - help, Q - select action, (/) - cycle Shift-Dir - straight line, f/p - scorpion
Aim: a scorpion (moderately wounded, 54% to hit)
You throw a boomerang of dispersal.
The boomerang of dispersal hits the scorpion.
The scorpion blinks!
The scorpion is heavily wounded.
* * * LOW HITPOINT WARNING * * *
You feel very sick.
The hobgoblin hits you but does no damage.
Throw: 3 boomerangs (disperse)
Press: ? - help, Q - select action, (/) - cycle Shift-Dir - straight line, f/p - scorpion
Aim: a scorpion (heavily wounded, 54% to hit)
You throw a boomerang of dispersal.
The boomerang of dispersal hits the scorpion but does no damage.
The scorpion is heavily wounded.
* * * LOW HITPOINT WARNING * * *
You feel very sick. The hobgoblin barely misses you.
An orc comes into view.
It is wielding a +1 hand axe of freezing.
Throw: 2 boomerangs (disperse)
Press: ? - help, Q - select action, (/) - cycle Shift-Dir - straight line, f/p - scorpion
Aim: a scorpion (heavily wounded, 54% to hit)
You throw a boomerang of dispersal. The orc shouts!
The boomerang of dispersal hits the scorpion but does no damage.
The scorpion is heavily wounded.
You feel sick.
The hobgoblin hits you but does no damage.
The scorpion stings you!
You die...

## .. .. ...... ## o.# .
.##.#.#...##.# .
........#....### .
.........>... .
..##.......#.### ....#
......g#.......####. .....
......s@............ ...#
..#..............#.. ...
#.........#.....#. .#
.....#...$............ .#
#....#................
.#####.<.....................
....................#..####..
.########.#.#.......#...##
.##### #.#.#..#######...#


You could see a scorpion, an orc and a hobgoblin.

Vanquished Creatures
  A gnoll (D:1)
  A worm (D:2)
  2 dart slugs (D:1)
  An endoplasm (D:1)
  A giant cockroach (D:1)
  A hobgoblin (D:1)
  5 jackals (D:1)
  2 quokkas (D:1)
  5 ball pythons
  2 bats
  2 frilled lizards
  2 goblins
  A kobold (D:3)
  5 rats
31 creatures vanquished.

Notes
Turn   | Place    | Note
-------+----------+-------------------------------------------
     0 | D:1      | freelancePsychic the Ogre Warper began the quest for the
                  | Orb.
     0 | D:1      | Reached XP level 1. HP: 22/22 MP: 3/3
   327 | D:1      | Reached XP level 2. HP: 11/29 MP: 5/5
  1137 | D:1      | Reached XP level 3. HP: 30/37 MP: 6/6
  1779 | D:2      | Noticed Jessica
  1781 | D:2      | Noticed Sigmund
  1928 | D:3      | Noticed a scorpion
  1938 | D:3      | Slain by a scorpion

Illustrated notes

Levels and vault maps discovered:
D:1:      minmay_arrival_glassed_features, layout_basic
D:2:      layout_basic, serial_shops, nicolae_shop_overgrown_old_shop,
          serial_corexii_hall, corexii_hall_statues_deadend,
          chequers_hall_statues_wall_a, corexii_hall_statues_t,
          corexii_hall_statues_deadend, ebering_ecumenical_altar_sacrificial,
          uniq_sigmund, uniq_terence, uniq_jessica
D:3:      layout_rooms, gup_sewer_entry_glass, minmay_between

Skill      XL: |  1  2 |
---------------+-------+-----
Maces & Flails | 2 |  2.8
Fighting       | 3 |  3.5
Translocations | 3 |  3.1
Throwing       | |  1.0
Dodging        | |  2.1
Spellcasting   | |  2.4

Action                   || total
-------------------------++-------
Melee: Mace              ||   104
Throw: Boomerang         ||     4
  Use: Scroll            ||     3
Armor: Robe              ||    31
Dodge: Dodged            ||    53

Table legend: (Time is in decaauts)
 A = Elapsed time spent in this place.
 B = Non-inter-level travel time spent in this place.
 C = Inter-level travel time spent in this place.
 D = Time resting spent in this place.
 E = Time spent auto-exploring this place.
 F = Levels seen in this place.
 G = Mean time per level.
                   A        B        C        D        E       F      G
               +--------+--------+--------+--------+--------+-----+--------+
         Total |   1967 |   1912 |     55 |      0 |   1673 |   3 |  655.7 |
       Dungeon |   1967 |   1912 |     55 |      0 |   1673 |   3 |  655.7 |
               +--------+--------+--------+--------+--------+-----+--------+

Top non-repeatable levels by time:
     D:1: 1673 daAuts
     D:3: 153 daAuts
     D:2: 140 daAuts
